 Dungeon Crawl Stone Soup version 0.29.0-4-gdea44cf6ec (webtiles) character file.

Game seed: 4422012327313138278

1843 qw the Cleaver (level 9, -1/69 HPs)
             Began as a Formicid Cinder Acolyte on Sept 3, 2022.
             Was a Believer of Ignis.
             Slain by a manticore (3 damage)
             ... on level 6 of the Dungeon.
             The game lasted 00:02:54 (6567 turns).

qw the Cleaver (Formicid Cinder Acolyte)            Turns: 6567, Time: 00:02:55

Health: -1/69      AC: 17    Str: 22    XL:     9   Next: 33%
Magic:  10/10      EV:  8    Int: 15    God:    Ignis [**....]
Gold:   309        SH:  0    Dex:  9    Spells: 10/10 levels left

rFire   + . .      SeeInvis +   Y - -1 hand axe (flame)
rCold   . . .      Faith    .   (no shield)
rNeg    . . .      Spirit   .   b - +0 chain mail
rPois   +          Reflect  .   (helmet unavailable)
rElec   .          Harm     .   e - +0 cloak
rCorr   .          Rampage  .   (no gloves)
Will    .....                   (no boots)
Stlth   ..........              g - amulet of the acrobat
HPRegen 0.21/turn               (no ring)
MPRegen 0.12/turn               (no ring)

@: spiked, fiery-armoured
A: permanent stasis, dig shafts and tunnels, antennae 3, four strong arms,
talons 1, poison resistance, wild magic 1
a: Dig, Shaft Self, Renounce Religion, Fiery Armour, Foxfire Swarm, Rising Flame


You were on level 6 of the Dungeon.
You worshipped Ignis.
Ignis was pleased with you.
You visited 1 branch of the dungeon, and saw 6 of its levels.

You collected 309 gold pieces.


Innate Abilities, Weirdness & Mutations

You cannot be hasted, slowed, berserked, paralysed or teleported.
You can dig through walls and to a lower floor.
You have a pair of large antennae on your head. (SInv)
Your four strong arms can wield two-handed weapons with a shield.
You have sharp toenails.
Your system is resistant to poisons. (rPois)
Your spells are a little harder to cast, but a little more powerful.


   Skills:
 - Level 6.3 Fighting
 + Level 9.8 Axes
 - Level 1.2 Throwing
 - Level 4.2 Armour
 - Level 1.0 Dodging
 - Level 1.1 Spellcasting
 - Level 3.0 Fire Magic


You had 10 spell levels left.
You didn't know any spells.
Your spell library contained the following spells:

 Spells                   Type           Power      Damage    Failure   Level
 Scorch                   Fire           24%        2d6       73%         2

Inventory:

Hand Weapons
 Y - a -1 hand axe of flaming (weapon)
Missiles
 h - a boomerang (quivered)
Armour
 b - a +0 chain mail (worn)
 e - a +0 cloak (worn)
Jewellery
 g - an amulet of the acrobat (around neck)
 k - an amulet of regeneration
Scrolls
 f - 2 scrolls of identify
Potions
 a - 2 potions of mutation
 i - a potion of cancellation
 j - 2 potions of curing

Dungeon Overview and Level Annotations

Branches:
Dungeon (6/15)             Temple (0/1) D:4

Altars:
Okawaru
Qazlal
Vehumet
Yredelemnul
Zin


Message History

You feel much better.
The manticore flicks its tail.
The volley of spikes hits you!!
The barbed spikes become lodged in your body.
The gnoll sergeant hits you but does no damage.
The gnoll sergeant is burned by your cloak of flames.
The gnoll sergeant is moderately wounded.
You completely miss the gnoll sergeant. Your kick misses the gnoll sergeant.
The gnoll sergeant is moderately wounded.
You barely miss the shadow imp. The shadow imp hits you.
The shadow imp is burned by your cloak of flames.
The shadow imp is heavily wounded.
The gnoll sergeant hits you with a +0 trident!
A wraith comes into view.
You hit the shadow imp. You burn the shadow imp.
You kill the shadow imp!
You slash the manticore! You burn the manticore.
You completely miss the gnoll sergeant.
You hit the gnoll sergeant but do no damage.
Your kick misses the gnoll sergeant.
The gnoll sergeant is moderately wounded.
You hit the manticore but do no damage.
The manticore bites you but does no damage.
The manticore barely misses you. The manticore claws you!
The manticore is burned by your cloak of flames.
The manticore is moderately wounded.
The gnoll sergeant hits you but does no damage.
The gnoll sergeant is burned by your cloak of flames.
The gnoll sergeant is heavily wounded.
You hit the gnoll sergeant but do no damage.
You claw the gnoll sergeant, but do no damage.
The gnoll sergeant is heavily wounded.
You hit the manticore but do no damage. The manticore barely misses you.
The manticore claws you but does no damage.
The manticore is burned by your cloak of flames.
The manticore is moderately wounded.
The manticore claws you.
You die...

###..####..##.#
#........# .#
#.#####..##.#
<..........#####.
............$....
.#######.!#######
###.[...(..#
#.###.)%.#####.#
.....oH@)#
...#.Wg#.#
.#...#.)# #...#
5.. ..#.. #...#
...# .#..# ...
....$ .# ..#


You could see a manticore, a wraith, a gnoll sergeant and an orc.

Vanquished Creatures
  Grinder (D:4)
  A steam dragon (D:6)
  A water moccasin (D:4)
  Duvessa (D:4)
  An ice beast (D:6)
  A sky beast (D:6)
  2 black bears (D:6)
  A centaur (D:6)
  A necrophage (D:3)
  A scorpion (D:4)
  Dowan (D:4)
  A howler monkey (D:6)
  4 hounds
  3 jellies
  3 iguanas
  An orc priest (D:4)
  A gnoll bouda (D:5)
  3 orc wizards
  A mummy (D:4)
  5 adders
  11 gnolls
  A shadow imp (D:6)
  A white imp (D:4)
  A worm (D:2)
  4 dart slugs
  10 orcs
  6 endoplasms
  5 giant cockroaches
  5 goblins
  6 hobgoblins
  8 jackals
  3 quokkas
  7 ball pythons
  6 bats
  A frilled lizard (D:2)
  10 kobolds
  5 rats
124 creatures vanquished.

Vanquished Creatures (others)
  An orc wizard (D:6)
  An orc (D:6)
  18 plants (D:2)
20 creatures vanquished.

Grand Total: 144 creatures vanquished

Notes
Turn   | Place    | Note
-------+----------+-------------------------------------------
     0 | D:1      | qw the Formicid Cinder Acolyte began the quest for the Orb.
     0 | D:1      | Reached XP level 1. HP: 18/18 MP: 2/2
     0 | D:1      | 0 ||| qw: Version: 0.1-a-102-g441f92d
     0 | D:1      | 0 ||| qw: Game counter: 5078
     0 | D:1      | 0 ||| qw: Always use a shield: true
     0 | D:1      | 0 ||| qw: God list: Okawaru
     0 | D:1      | 0 ||| qw: Allow faded altars: false
     0 | D:1      | 0 ||| qw: Do Orc after D:15 true
     0 | D:1      | 0 ||| qw: Do second Lair branch before Depths: true
     0 | D:1      | 0 ||| qw: Lair rune preference: random
     0 | D:1      | 0 ||| qw: Plans: Normal
     0 | D:1      | 0 ||| PLANNING D:1-11
   208 | D:1      | 208 ||| Stepping ~*~*~tactically~*~*~ (stealth).
   221 | D:1      | 221 ||| INVOKING Fiery Armour.
   223 | D:1      | Reached XP level 2. HP: 11/24 MP: 3/3
   228 | D:1      | 228 ||| Stepping ~*~*~tactically~*~*~ (stealth).
   235 | D:1      | 235 ||| Stepping ~*~*~tactically~*~*~ (stealth).
   528 | D:1      | Found a faded altar of an unknown god.
   567 | D:1      | Reached skill level 4 in Axes
   567 | D:1      | Reached XP level 3. HP: 29/29 MP: 4/4
   887 | D:1      | Reached skill level 1 in Dodging
  1038 | D:1      | 1038 ||| UPGRADING to +0 leather armour.
  1048 | D:1      | 1048 ||| DROPPING +0 robe.
  1049 | D:1      | 1049 ||| READING scroll labelled JAIPHA KIGO.
  1590 | D:2      | Reached XP level 4. HP: 35/35 MP: 5/5
  1607 | D:2      | 1607 ||| Stepping ~*~*~tactically~*~*~ (stealth).
  1774 | D:2      | 1774 ||| FLEEEEING.
  1775 | D:2      | 1775 ||| FLEEEEING.
  1779 | D:2      | 1779 ||| FLEEEEING.
  1780 | D:2      | 1780 ||| FLEEEEING.
  1781 | D:2      | 1781 ||| FLEEEEING.
  1782 | D:2      | 1782 ||| FLEEEEING.
  1986 | D:2      | 1986 ||| Stepping ~*~*~tactically~*~*~ (stealth).
  1988 | D:2      | 1988 ||| Stepping ~*~*~tactically~*~*~ (stealth).
  1989 | D:2      | 1989 ||| Stepping ~*~*~tactically~*~*~ (stealth).
  2611 | D:2      | 2611 ||| UPGRADING to amulet of the acrobat.
  2616 | D:2      | 2616 ||| DROPPING ring of magical power.
  2617 | D:2      | 2617 ||| READING scroll labelled MURUITW SOIQ.
  2618 | D:2      | 2618 ||| READING scroll labelled OSHROMN VOMOMM.
  2719 | D:2      | 2719 ||| READING scroll labelled HINNEVV ZITE.
  2720 | D:2      | 2720 ||| DRINKING 2 metallic pink potions.
  2720 | D:2      | Gained mutation: Your system is resistant to poisons.
                  | (rPois) [potion of mutation]
  2720 | D:2      | Gained mutation: You have sharp toenails. [potion of
                  | mutation]
  2720 | D:2      | Gained mutation: Your spells are a little harder to cast,
                  | but a little more powerful. [potion of mutation]
  2721 | D:2      | 2721 ||| DRINKING 2 lumpy ruby potions.
  2774 | D:3      | 2774 ||| Stepping ~*~*~tactically~*~*~ (hiding).
  2785 | D:3      | 2785 ||| INVOKING Fiery Armour.
  2789 | D:3      | Reached skill level 5 in Axes
  2789 | D:3      | Reached XP level 5. HP: 20/41 MP: 6/6
  3964 | D:3      | 3964 ||| UPGRADING to +0 chain mail.
  3974 | D:3      | 3974 ||| DROPPING +0 leather armour.
  3975 | D:3      | 3975 ||| READING scroll labelled UPHEHAINEA.
  3976 | D:3      | 3976 ||| READING scroll labelled YRCHIJ ZOKKUTUA.
  4010 | D:4      | 4010 ||| PLANNING OSSUARY
  4022 | D:4      | Noticed Grinder
  4029 | D:4      | 4029 ||| INVOKING Fiery Armour.
  4035 | D:4      | Killed Grinder
  4036 | D:4      | Reached XP level 6. HP: 33/47 MP: 7/7
  4036 | D:4      | Reached XP level 7. HP: 37/52 MP: 8/8
  4041 | D:4      | Reached skill level 6 in Axes
  4288 | D:4      | 4288 ||| Stepping ~*~*~tactically~*~*~ (stealth).
  4300 | D:4      | Found an iron altar of Okawaru.
  4402 | D:4      | Found a staircase to the Ecumenical Temple.
  4446 | D:4      | Noticed Duvessa
  4446 | D:4      | Noticed Dowan
  4449 | D:4      | 4449 ||| Stepping ~*~*~tactically~*~*~ (hiding).
  4452 | D:4      | 4452 ||| INVOKING Fiery Armour.
  4461 | D:4      | Killed Dowan
  4462 | D:4      | HP: 8/54 [Duvessa/+0 rapier (13)]
  4463 | D:4      | 4463 ||| DRINKING 2 potions of heal wounds.
  4464 | D:4      | Killed Duvessa
  4465 | D:4      | Reached skill level 7 in Axes
  4621 | D:4      | Found a sand-covered staircase.
  4734 | D:4      | 4734 ||| UPGRADING to +0 cloak.
  4739 | D:4      | 4739 ||| DRINKING 2 bubbling black potions.
  4771 | D:4      | 4771 ||| Stepping ~*~*~tactically~*~*~ (stealth).
  4772 | D:4      | 4772 ||| Stepping ~*~*~tactically~*~*~ (stealth).
  4814 | D:4      | Reached skill level 1 in Throwing
  4814 | D:4      | Reached XP level 8. HP: 49/60 MP: 9/9
  4939 | D:4      | 4939 ||| RIP OSSUARY
  4939 | D:4      | 4939 ||| PLANNING D:1-11
  4939 | D:4      | 4939 ||| READING 2 scrolls of identify.
  4939 | D:4      | 4939 ||| IDENTIFYING green potion
  4940 | D:4      | 4940 ||| DROPPING potion of degeneration.
  4961 | D:5      | Entered Level 5 of the Dungeon
  4966 | D:5      | 4966 ||| STAIRDANCE
  4980 | D:4      | 4980 ||| INVOKING Fiery Armour.
  5295 | D:5      | 5295 ||| Stepping ~*~*~tactically~*~*~ (hiding).
  5296 | D:5      | 5296 ||| Stepping ~*~*~tactically~*~*~ (hiding).
  5307 | D:5      | 5307 ||| Stepping ~*~*~tactically~*~*~ (stealth).
  5310 | D:5      | 5310 ||| Stepping ~*~*~tactically~*~*~ (stealth).
  5312 | D:5      | 5312 ||| Stepping ~*~*~tactically~*~*~ (stealth).
  5314 | D:5      | 5314 ||| Stepping ~*~*~tactically~*~*~ (stealth).
  5315 | D:5      | 5315 ||| Stepping ~*~*~tactically~*~*~ (stealth).
  5323 | D:5      | 5323 ||| Stepping ~*~*~tactically~*~*~ (stealth).
  5324 | D:5      | 5324 ||| Stepping ~*~*~tactically~*~*~ (stealth).
  5331 | D:5      | 5331 ||| Stepping ~*~*~tactically~*~*~ (stealth).
  5344 | D:5      | 5344 ||| Stepping ~*~*~tactically~*~*~ (stealth).
  5346 | D:5      | 5346 ||| Stepping ~*~*~tactically~*~*~ (stealth).
  5347 | D:5      | 5347 ||| Stepping ~*~*~tactically~*~*~ (stealth).
  5368 | D:5      | Reached skill level 8 in Axes
  5397 | D:5      | 5397 ||| Stepping ~*~*~tactically~*~*~ (hiding).
  5411 | D:5      | Found a basalt altar of Yredelemnul.
  5427 | D:5      | 5427 ||| Stepping ~*~*~tactically~*~*~ (hiding).
  5445 | D:5      | 5445 ||| INVOKING Fiery Armour.
  5488 | D:5      | 5488 ||| FLEEEEING.
  5489 | D:5      | 5489 ||| FLEEEEING.
  5490 | D:5      | 5490 ||| FLEEEEING.
  5491 | D:5      | 5491 ||| FLEEEEING.
  5492 | D:5      | 5492 ||| FLEEEEING.
  5493 | D:5      | 5493 ||| FLEEEEING.
  5494 | D:5      | 5494 ||| FLEEEEING.
  5495 | D:5      | 5495 ||| FLEEEEING.
  5496 | D:5      | 5496 ||| FLEEEEING.
  5497 | D:5      | 5497 ||| FLEEEEING.
  5498 | D:5      | 5498 ||| FLEEEEING.
  5499 | D:5      | 5499 ||| FLEEEEING.
  5500 | D:5      | 5500 ||| FLEEEEING.
  5501 | D:5      | 5501 ||| FLEEEEING.
  5502 | D:5      | 5502 ||| FLEEEEING.
  5503 | D:5      | 5503 ||| STAIRDANCE
  5629 | D:4      | 5629 ||| READING scroll labelled YTASMU WEZU.
  5630 | D:4      | 5630 ||| READING 3 scrolls of identify.
  5630 | D:4      | 5630 ||| IDENTIFYING yellow potion
  5640 | D:5      | 5640 ||| STAIRDANCE
  5786 | D:5      | Found a radiant altar of Vehumet.
  5831 | D:5      | 5831 ||| Stepping ~*~*~tactically~*~*~ (hiding).
  5836 | D:5      | 5836 ||| Stepping ~*~*~tactically~*~*~ (hiding).
  5840 | D:5      | 5840 ||| Stepping ~*~*~tactically~*~*~ (hiding).
  5842 | D:5      | 5842 ||| Stepping ~*~*~tactically~*~*~ (hiding).
  5843 | D:5      | 5843 ||| Stepping ~*~*~tactically~*~*~ (hiding).
  5844 | D:5      | 5844 ||| Stepping ~*~*~tactically~*~*~ (hiding).
  6140 | D:5      | Found a glowing silver altar of Zin.
  6140 | D:5      | Noticed an angel
  6176 | D:5      | 6176 ||| READING scroll labelled GOR TUESAPPE.
  6203 | D:6      | 6203 ||| Stepping ~*~*~tactically~*~*~ (stealth).
  6204 | D:6      | 6204 ||| Stepping ~*~*~tactically~*~*~ (stealth).
  6204 | D:6      | Found a stormy altar of Qazlal.
  6246 | D:6      | 6246 ||| Stepping ~*~*~tactically~*~*~ (stealth).
  6247 | D:6      | 6247 ||| Stepping ~*~*~tactically~*~*~ (stealth).
  6248 | D:6      | 6248 ||| Stepping ~*~*~tactically~*~*~ (stealth).
  6257 | D:6      | 6257 ||| INVOKING Fiery Armour.
  6260 | D:6      | Reached skill level 9 in Axes
  6260 | D:6      | Reached XP level 9. HP: 17/68 MP: 10/10
  6272 | D:6      | 6272 ||| FLEEEEING.
  6273 | D:6      | 6273 ||| FLEEEEING.
  6274 | D:6      | 6274 ||| FLEEEEING.
  6275 | D:6      | 6275 ||| FLEEEEING.
  6277 | D:6      | 6277 ||| FLEEEEING.
  6278 | D:6      | 6278 ||| FLEEEEING.
  6280 | D:6      | 6280 ||| FLEEEEING.
  6548 | D:6      | 6548 ||| INVOKING Fiery Armour.
  6549 | D:6      | Noticed a manticore
  6551 | D:6      | Reached skill level 6 in Fighting
  6562 | D:6      | HP: 16/69 [gnoll sergeant/+0 trident (4)]
  6563 | D:6      | 6563 ||| DRINKING potion of heal wounds.
  6566 | D:6      | HP: 2/69 [manticore (9)]
  6567 | D:6      | Slain by a manticore

Levels and vault maps discovered:
D:1:      psy_arrival_wood_between_worlds, layout_basic, basic_ecumenical_altar
D:2:      layout_loops_ring, serial_forest, infiniplex_forest_clump_large,
          infiniplex_forest_straight_5, infiniplex_forest_join,
          infiniplex_forest_zigzag_1, infiniplex_forest_clump_tiny,
          infiniplex_forest_lined_3, infiniplex_forest_corner_1,
          infiniplex_forest_end_1, infiniplex_forest_split,
          grunt_decor_arrowhead
D:3:      layout_basic
D:4:      layout_rooms, mainiacjoe_overflow_concentric_impassable,
          minmay_temple_entry_large_hall, gup_ossuary_entry_pyramid,
          uniq_duvessa, uniq_grinder
D:5:      layout_cave_pools, mainiacjoe_overflow_brackets, zin_angel,
          overflow_temple_1_default
D:6:      cheibrodos_fzero, layout_loops_ring, kennysheep_little_box

Skill      XL: |  1  2  3  4  5  6  7  8  9 |
---------------+----------------------------+-----
Axes           | 4 5 7 9 |  9.8
Dodging        | 1 |  1.0
Armour         | 4 |  4.2
Fighting       | 4 5 6 |  6.3
Throwing       | 1 |  1.2
Spellcasting   | |  1.1
Fire Magic     | |  3.0

Action                   |  1- 3 |  4- 6 |  7- 9 || total
-------------------------+-------+-------+-------++-------
Melee: Hand axe          |    71 |   122 |   192 ||   385
       Kick              |       |    13 |    54 ||    67
       Punch             |       |     1 |       ||     1
Throw: Boomerang         |       |       |    20 ||    20
Invok: Fiery Armour      |     1 |     2 |     5 ||     8
  Use: Scroll            |     1 |     5 |     4 ||    10
       Potion            |       |     2 |     3 ||     5
Armor: Robe              |     8 |       |       ||     8
       Leather armour    |     4 |    31 |       ||    35
       Chain mail        |       |     7 |   122 ||   129
Dodge: Dodged            |    45 |    61 |   115 ||   221

Table legend:
 A = Non-vault XP
 B = Vault XP
 C = Vault XP percentage of total XP
 D = Non-vault monster count
 E = Vault monster count
 F = Vault count percentage of total count
                 A         B        C        D         E       F
            +---------+---------+-------+---------+---------+-------
      Total |    1858 |     776 |  29.5 |     115 |       9 |   7.3
            +---------+---------+-------+---------+---------+-------
        D:1 |      47 |       0 |   0.0 |      27 |       0 |   0.0
        D:2 |      52 |       0 |   0.0 |      22 |       0 |   0.0
        D:3 |     155 |       0 |   0.0 |      18 |       0 |   0.0
        D:4 |     440 |     510 |  53.7 |      19 |       4 |  17.4
        D:5 |     481 |       0 |   0.0 |      23 |       0 |   0.0
        D:6 |     683 |     266 |  28.0 |       6 |       5 |  45.5
            +---------+---------+-------+---------+---------+-------
